 Dungeon Crawl Stone Soup version 0.17.1-3-g152610e (webtiles) character file.

170052 moxian the Sharpshooter (level 17, -2/149 HPs)
             Began as a Ghoul Hunter on Apr 26, 2016.
             Was a High Priest of Okawaru.
             Slain by a red ugly thing (18 damage)
             ... on level 15 of the Dungeon on Apr 29, 2016.
             The game lasted 05:01:38 (41063 turns).

moxian the Sharpshooter (Ghoul Hunter)             Turns: 41063, Time: 05:01:38

Health: -2/149     AC: 14    Str: 18    XL:     17   Next: 68%
Magic:  0/23       EV: 18    Int:  6    God:    Okawaru [*****.]
Gold:   2743       SH:  0    Dex: 14    Spells: 4 memorised, 18 levels left

rFire  . . .     SeeInvis +     w - +1 triple crossbow (flame)
rCold  + + .     Clarity  .     c - +0 mottled dragon armour
rNeg   + + +     SustAt   .     (shield currently unavailable)
rPois  ∞         Gourm    .     x - +2 hat
rElec  .         Spirit   +     l - +1 cloak
rCorr  .         Warding  .     r - +0 pair of gloves of Marbles {SInv}
rMut   .         Stasis   .     M - +2 pair of boots {Fly}
MR     ++...                    L - amulet of guardian spirit
Stlth  ++........               N - ring of protection from cold
                                e - ring of protection from magic

@: swift, corroded equipment, flying, rotting, very quick, very resistant to
hostile enchantments, unstealthy
A: rotting body, claws 1, carnivore 3, cold resistance 1, negative energy
resistance 3, slow regeneration 1, torment resistance, unbreathing
a: Heroism, Finesse, Renounce Religion, Stop Flying
}: 1/15 runes: gossamer


You were on level 15 of the Dungeon.
You worshipped Okawaru.
Okawaru was extremely pleased with you.
You were not hungry.

You visited 5 branches of the dungeon, and saw 32 of its levels.

You collected 3192 gold pieces.
You spent 449 gold pieces at shops.

Inventory:

Hand Weapons
 a - a +2 arbalest of freezing
 b - a +1 lajatang of electrocution
 w - a +1 triple crossbow of flaming (weapon)
Missiles
 A - 25 bolts of flame
 B - 24 bolts
 C - 5 bolts of frost
 D - 60 poisoned bolts
 G - 18 silver bolts
 H - 14 bolts of penetration (quivered)
 Y - a steel bolt
Armour
 c - a +0 mottled dragon armour (worn)
 l - a +1 cloak (worn)
 r - the +0 pair of gloves of Marbles (worn) {SInv}
   (You found it on level 8 of the Lair of Beasts)

   It lets you see invisible.
 x - a +2 hat (worn)
 M - a +2 pair of boots of flying (worn)
Jewellery
 e - a ring of protection from magic (left hand)
 h - an uncursed ring of teleportation
 J - the amulet "Obbishan" {Clar rF+ Stlth+, unknown}
   (You found it on level 2 of the Spider Nest)

   [amulet of clarity]

   It provides mental clarity.
   It protects you from fire.
   It makes you more stealthy.
 L - an amulet of guardian spirit (around neck)
 N - a ring of protection from cold (right hand)
Wands
 d - a wand of teleportation (5)
 m - a wand of fire (9)
 s - a wand of paralysis (7)
 t - a wand of hasting (1)
 F - a wand of fire (3)
 V - a wand of lightning (5)
Scrolls
 f - 2 scrolls of remove curse
 g - 3 scrolls of fog
 i - 9 scrolls of magic mapping
 j - a scroll of torment
 o - 5 scrolls of recharging
 K - a scroll of identify
 O - a scroll of enchant weapon
 S - 4 scrolls of immolation
 T - 4 scrolls of fear
 Z - a scroll of teleportation
Potions
 k - 6 potions of agility
 n - 10 potions of curing
 p - a potion of invisibility
 q - a potion of poison {unknown}
 E - 4 potions of resistance
 I - a potion of might
 P - a potion of cancellation
 Q - 4 potions of brilliance {unknown}
 R - 4 potions of mutation {unknown}
 X - 4 potions of haste {unknown}
Miscellaneous
 y - a box of beasts
Comestibles
 u - 12 beef jerkies
 v - 12 royal jellies
 z - 4 chunks of flesh
 U - 11 meat rations
 W - 2 slices of pizza


   Skills:
 - Level 13.1 Fighting
   Level 1.1 Short Blades
   Level 2.5(4.8) Maces & Flails
 - Level 6.4(6.7) Staves
 * Level 16.2 Crossbows
 - Level 1.0 Throwing
 + Level 11.2 Armour
 + Level 11.8 Dodging
 - Level 2.0 Stealth
   Level 2.6 Shields
 - Level 0.4 Unarmed Combat
 - Level 4.0 Spellcasting
 - Level 5.0 Charms
 - Level 4.0 Air Magic
 - Level 10.0 Invocations


You had 18 spell levels left.
You knew the following spells:

 Your Spells              Type           Power        Failure   Level  Hunger
a - Repel Missiles        Chrm/Air       #.....       12%         2    ###....
b - Swiftness             Chrm/Air       #.......     12%         2    ###....
c - Apportation           Tloc           #.........   38%         1    ##.....
d - Summon Butterflies    Summ           #.......     38%         1    ##.....


Dungeon Overview and Level Annotations

Branches:
Dungeon (15/15)            Temple (1/1) D:6            Lair (8/8) D:11
  Swamp (0/4) Lair:4       Spider (4/4) Lair:6        Slime (0/6) Lair:6
    Orc (4/4) D:11            Elf (0/3) Orc:3        Vaults (0/5) D:13
 Depths (0/5) D:15

Altars:
Ashenzari
Cheibriados
Dithmenos
Elyvilon
Fedhas
Gozag
Kikubaaqudgha
Makhleb
Nemelex Xobeh
Okawaru
Qazlal
Ru
Sif Muna
Trog
Vehumet
Xom
Yredelemnul
Zin
The Shining One
Beogh
Jiyva

Shops:
Orc:2 (   Orc:3 ?   Orc:4 }[!=

Portals:
Hell: Lair:8

Annotations:
D:10 exclusions: 2 doors and 1 more exclusion
D:13 Donald
Lair:2 Fannar
Lair:4 exclusions: oklob plant and 1 more exclusion


Innate Abilities, Weirdness & Mutations

Your body is rotting away.
You thrive on raw meat.
You are immune to poison.
You have sharp fingernails.
You are carnivorous and can eat meat at any time.
Your flesh is cold resistant.
You are immune to negative energy.
You regenerate slowly when monsters are visible.
You are immune to unholy pain and torment.
You can survive without breathing.


Message History

You resist.
* * * LOW HITPOINT WARNING * * *
Unknown command.
Firing (i - inventory. (,) - cycle):
H - 14 bolts of penetration (quivered)
Press: ? - help, Shift-Dir - straight line, f/p - white ugly thing
Aim: a white ugly thing (severely wounded)
Okay, then.
The red ugly thing pecks you!
* * * LOW HITPOINT WARNING * * *
You are engulfed in flames!!
* * * LOW HITPOINT WARNING * * *
Drink which item? (? for menu, Esc to quit)
Okay, then.
Read which item? (? for menu, Esc to quit)
Okay, then.
Cast which spell? (? or * to list)
You feel quick. The white ugly thing misses you. The red ugly thing pecks you.
* * * LOW HITPOINT WARNING * * *
You are engulfed in flames!!
You die...

#..(..# .... #.....#
.... #..<..# +.....<
#.....# +......
#.....# #......
#..(..# #......
##.u### #...... #uu#
#...... ###.@#
#...... #....#
#...... #....#
#####...... #....#
#.......... #....#
#..........
#....######..........
#....................
#....................
#########............


You could see 3 ugly things.

Vanquished Creatures
  Nikola (Spider:1)
  Agnes (Spider:1)
  Frances (Spider:2)
  A fire giant (D:15)
  5 ghost moths
  An orc warlord (Orc:4)
  5 emperor scorpions
  A dire elephant (Lair:8)
  Josephine (Spider:1)
  3 entropy weavers
  10 hydras
  A hell beast (Lair:8)
  Erica (D:9)
  A centaur warrior (D:13)
  3 death yaks (Lair:7)
  4 orc high priests (Orc:4)
  4 iron golems (D:13)
  A wizard (Lair:8)
  Pikel (D:8)
  5 hill giants
  5 orc sorcerers
  20 orb spiders
  4 orc knights
  An unseen horror (D:14)
  3 ugly things
  4 griffons
  19 wolf spiders
  3 moths of wrath
  4 cyclopes
  A lindwurm (Lair:8)
  6 hornets
  16 elephants
  An oklob plant (Lair:6)
  4 centaur zombies
  18 spiny frogs
  Psyche (D:8)
  3 torpor snails
  2 gargoyles
  4 black mambas
  4 orange demons (Lair:8)
  An efreet (D:13)
  6 fire drakes
  A hellwing (Lair:8)
  2 tengu conjurers (D:14)
  15 demonic crawlers
  7 trolls
  10 komodo dragons
  A harpy zombie (D:15)
  The ghost of MovingMist the Skirmisher, an amateur NaFi (D:4)
  34 jumping spiders
  2 red devils (Lair:8)
  30 blink frogs
  A polar bear (Lair:6)
  4 blue devils (Lair:8)
  3 two-headed ogres (Orc:4)
  9 slime creatures (D:12)
  20 trapdoor spiders
  7 boulder beetles
  Sigmund (D:5)
  10 tarantellas
  A deep elf mage (D:11)
  37 yaks
  42 redbacks
  4 basilisks
  6 wraiths
  2 wyverns
  7 hippogriffs
  10 wolves
  2 mottled dragons
  A soldier ant (D:8)
  A warg (Orc:3)
  9 porcupines
  40 orc warriors
  2 eyes of draining
  15 water moccasins
  A black bear (D:9)
  40 spiders
  3 ice beasts
  3 sky beasts
  3 wasps
  A phantom (D:10)
  5 centaurs
  7 ogres
  25 crocodiles
  4 brain worms
  A gnoll sergeant (D:4)
  11 giant frogs
  4 big kobolds
  3 scorpions
  A wyvern skeleton (D:14)
  12 killer bees
  8 wights
  5 electric eels
  A quasit (D:7)
  A crimson imp (D:6)
  4 hounds
  A jelly (D:8)
  A gnoll shaman (D:3)
  Crazy Yiuf (D:2)
  A centaur skeleton (D:9)
  37 orc priests
  33 orc wizards
  4 giant frog skeletons
  9 worker ants
  13 iguanas
  6 hell rats (Lair:4)
  A killer bee zombie (D:6)
  3 sheep (D:14)
  2 hound skeletons
  53 gnolls
  Robin (D:2)
  2 worker ant zombies
  9 adders
  67 river rats
  4 shadow imps
  An ooze (D:2)
  5 adder skeletons
  2 adder zombies
  5 worms
  211 orcs
  2 ball pythons
  14 bats
  5 giant cockroaches
  13 goblins
  10 hobgoblins
  20 kobolds
  3 quokkas
  6 giant geckos
  3 giant gecko skeletons
  14 giant newts
  24 jackals
  A jackal skeleton (D:4)
  A quokka skeleton (D:8)
  15 rats
  A bush (Lair:6)
  7 fungi
  3 plants
1275 creatures vanquished.

Vanquished Creatures (collateral kills)
  A gnoll (D:4)
1 creature vanquished.

Vanquished Creatures (others)
  An orb spider (Spider:1)
  2 redbacks (Spider:1)
  A tarantella (Spider:4)
  A spider (Spider:2)
  A slave (D:8)
  A giant frog zombie (D:8)
  2 orc wizards (D:8)
  An orc priest (D:8)
  A gnoll (D:4)
  An ooze (D:3)
  An orc (D:8)
  A ball python (D:8)
  A quokka zombie (D:8)
  15 fungi
  16 plants
46 creatures vanquished.

Grand Total: 1322 creatures vanquished

Notes
Turn   | Place    | Note
--------------------------------------------------------------
     0 | D:1      | moxian the Ghoul Hunter began the quest for the Orb.
     0 | D:1      | Reached XP level 1. HP: 17/17 MP: 0/0
    99 | D:1      | Reached XP level 2. HP: 12/24 MP: 1/1
   657 | D:1      | Reached XP level 3. HP: 8/29 MP: 2/2
  1300 | D:2      | Found a glowing silver altar of Zin.
  1300 | D:2      | Noticed an angel
  1330 | D:2      | Noticed Robin
  1983 | D:2      | Reached XP level 4. HP: 33/36 MP: 3/3
  2006 | D:2      | Killed Robin
  2014 | D:2      | Reached skill level 1 in Short Blades
  2232 | D:2      | Noticed Crazy Yiuf
  2236 | D:2      | Killed Crazy Yiuf
  2236 | D:2      | Reached skill level 4 in Crossbows
  2236 | D:2      | Reached skill level 1 in Throwing
  2392 | D:3      | Reached XP level 5. HP: 37/43 MP: 4/4
  3002 | D:3      | Noticed a centaur
  3024 | D:3      | Killed a centaur
  3024 | D:3      | Reached skill level 1 in Staves
  3118 | D:3      | Reached XP level 6. HP: 37/51 MP: 5/5
  3202 | D:4      | Noticed a sky beast
  3217 | D:4      | Killed a sky beast
  3217 | D:4      | Reached skill level 5 in Crossbows
  3263 | D:4      | Found a shimmering altar of Xom.
  3266 | D:4      | Noticed MovingMist's ghost (amateur NaFi)
  3324 | D:4      | Killed MovingMist's ghost
  3324 | D:4      | Reached XP level 7. HP: 37/59 MP: 6/6
  3834 | D:4      | Found a stormy altar of Qazlal.
  4008 | D:4      | Reached skill level 1 in Shields
  4098 | D:5      | Entered Level 5 of the Dungeon
  4123 | D:5      | Reached skill level 6 in Crossbows
  4150 | D:5      | Reached XP level 8. HP: 63/67 MP: 5/7
  4319 | D:5      | You fall through a shaft for 3 floors!
  4319 | D:8      | Noticed Pikel
  4568 | D:5      | Noticed Sigmund
  4579 | D:5      | Killed Sigmund
  4579 | D:5      | Reached skill level 5 in Fighting
  4735 | D:5      | Reached skill level 7 in Crossbows
  5137 | D:4      | Reached XP level 9. HP: 41/72 MP: 5/8
  6150 | D:6      | Found a staircase to the Ecumenical Temple.
  6197 | Temple   | Entered the Ecumenical Temple
  6420 | Temple   | Became a worshipper of Warmaster Okawaru
  6714 | D:6      | Got a pitted shield
  6715 | D:6      | Identified the +4 shield of Mental Paralysis {rCorr} (You found it on level 6 of the Dungeon)
  6872 | D:6      | Found a blossoming altar of Fedhas.
  6948 | D:7      | Reached skill level 5 in Dodging
  7053 | D:7      | Reached * piety under Okawaru
  7053 | D:7      | Reached skill level 8 in Crossbows
  7097 | D:7      | Found a snail-covered altar of Cheibriados.
  7098 | D:7      | Found an ancient bone altar of Kikubaaqudgha.
  7190 | D:7      | Reached skill level 1 in Armour
  7265 | D:7      | Identified a scroll of acquirement
  7442 | D:8      | Killed Pikel
  7442 | D:8      | Reached ** piety under Okawaru
  7442 | D:8      | Reached XP level 10. HP: 63/86 MP: 7/9
  7637 | D:8      | Noticed Psyche
  7677 | D:8      | Killed Psyche
  7677 | D:8      | Reached skill level 5 in Staves
  7954 | D:8      | Found a sacrificial altar of Ru.
  8093 | D:8      | Reached *** piety under Okawaru
  8318 | D:9      | Reached skill level 9 in Crossbows
  8601 | D:9      | Noticed Erica
  8615 | D:9      | Killed Erica
  8615 | D:9      | Reached skill level 1 in Maces & Flails
  9112 | D:8      | Reached skill level 1 in Invocations
  9112 | D:8      | Reached XP level 11. HP: 43/93 MP: 10/10
  9253 | D:9      | Reached **** piety under Okawaru
  9832 | D:10     | Entered Level 10 of the Dungeon
  9895 | D:10     | Noticed a hill giant
  9933 | D:10     | Killed a hill giant
 11219 | D:11     | Noticed a hill giant
 11240 | D:11     | Killed a hill giant
 11240 | D:11     | Received a gift from Okawaru
 11261 | D:11     | Found a staircase to the Lair.
 11278 | Lair:1   | Entered Level 1 of the Lair of Beasts
 11489 | Lair:1   | forgot about challenge, and entered lair with crossbows at 9.9 :/
 11509 | Lair:1   | Reached ***** piety under Okawaru
 11509 | Lair:1   | Reached skill level 10 in Crossbows
 12109 | Lair:2   | Learned a level 2 spell: Repel Missiles
 12112 | Lair:2   | Learned a level 2 spell: Swiftness
 12138 | Lair:2   | Noticed Fannar
 12722 | Lair:2   | Reached XP level 12. HP: 105/105 MP: 7/14
 12784 | Lair:2   | Received a gift from Okawaru
 12884 | Lair:2   | Reached skill level 5 in Armour
 13391 | Lair:3   | Received a gift from Okawaru
 13947 | Lair:3   | Reached skill level 5 in Invocations
 14432 | Lair:3   | Received a gift from Okawaru
 14760 | Lair:4   | Reached skill level 11 in Crossbows
 14820 | Lair:4   | Found a staircase to the Swamp.
 15488 | Lair:4   | Found a basalt altar of Yredelemnul.
 15592 | Lair:4   | Received a gift from Okawaru
 17197 | Lair:5   | Reached XP level 13. HP: 103/111 MP: 8/16
 17208 | Lair:5   | Received a gift from Okawaru
 17531 | Lair:5   | Reached skill level 12 in Crossbows
 19410 | D:11     | Found a staircase to the Orcish Mines.
 20048 | Orc:1    | Entered Level 1 of the Orcish Mines
 21083 | Orc:2    | Found Lush's Weapon Boutique.
 21518 | Orc:3    | Found Muzer's Magic Scroll Emporium.
 21521 | Orc:3    | Bought a scroll of noise for 15 gold pieces
 21908 | Orc:3    | Found a staircase to the Elven Halls.
 22400 | D:12     | Received a gift from Okawaru
 22647 | D:12     | Reached skill level 1 in Charms
 22780 | D:12     | Reached skill level 10 in Fighting
 23218 | D:12     | Received a gift from Okawaru
 23570 | D:13     | Found a gate to the Vaults.
 23570 | D:13     | Noticed Donald
 24154 | Lair:6   | Found a hole to the Spider Nest.
 24168 | Lair:6   | Received a gift from Okawaru
 24168 | Lair:6   | Reached XP level 14. HP: 76/121 MP: 14/19
 24702 | Lair:6   | Found a staircase to the Slime Pits.
 24703 | Lair:6   | Found a viscous altar of Jiyva.
 24829 | Lair:6   | Reached ****** piety under Okawaru
 24829 | Lair:6   | Received a gift from Okawaru
 25296 | Lair:7   | Reached skill level 13 in Crossbows
 25756 | Lair:7   | Received a gift from Okawaru
 26106 | Lair:7   | Received a gift from Okawaru
 26109 | Lair:7   | Got a steaming buckler {god gift}
 26595 | Lair:8   | Entered Level 8 of the Lair of Beasts
 27435 | Lair:8   | Reached XP level 15. HP: 128/128 MP: 16/21
 27573 | Lair:8   | Found a burning altar of Makhleb.
 27700 | Lair:8   | Received a gift from Okawaru
 27714 | Lair:8   | Found a gateway to Hell.
 27727 | Lair:8   | Got a pair of slimy gloves
 27738 | Lair:8   | Identified the +0 pair of gloves of Marbles {SInv} (You found it on level 8 of the Lair of Beasts)
 27868 | Lair:8   | Reached skill level 1 in Air Magic
 27918 | Lair:8   | Reached skill level 10 in Dodging
 28986 | D:11     | Reached skill level 1 in Spellcasting
 29068 | Orc:4    | Entered Level 4 of the Orcish Mines
 29888 | Orc:4    | Reached skill level 10 in Invocations
 29971 | Orc:4    | Found Micusch's Jewellery Shop.
 30112 | Orc:4    | Found a roughly hewn altar of Beogh.
 30281 | Orc:4    | Received a gift from Okawaru
 30492 | Orc:4    | Reached skill level 14 in Crossbows
 30495 | Orc:4    | Found Fopsir's Distillery.
 30514 | Orc:4    | Bought a potion of berserk rage for 70 gold pieces
 30828 | Orc:4    | Found a roughly hewn altar of Beogh.
 30979 | Orc:4    | Found Qyex's Gadget Boutique.
 31094 | Orc:4    | Found Mirr's Antique Armour Shop.
 31197 | Orc:4    | Received a gift from Okawaru
 31945 | Orc:4    | Bought a potion of resistance for 140 gold pieces
 31945 | Orc:4    | Bought 2 potions of invisibility for 224 gold pieces
 32247 | Spider:1 | Entered Level 1 of the Spider Nest
 32247 | Spider:1 | Noticed Nikola
 32251 | Spider:1 | Received a gift from Okawaru
 32258 | Spider:1 | Killed Nikola
 32281 | Spider:1 | Noticed Josephine
 32508 | Spider:1 | Killed Josephine
 32546 | Spider:1 | Received a gift from Okawaru
 33068 | Spider:1 | Reached skill level 5 in Charms
 33210 | Spider:1 | Reached XP level 16. HP: 117/139 MP: 14/22
 33350 | Spider:1 | Noticed Agnes
 33360 | Spider:1 | Killed Agnes
 34906 | Spider:1 | Reached skill level 10 in Armour
 35691 | Spider:2 | Noticed Frances
 35716 | Spider:2 | Killed Frances
 35780 | Spider:2 | Received a gift from Okawaru
 36303 | Spider:2 | Got a vibrating platinum amulet
 36386 | Spider:2 | Received a gift from Okawaru
 36731 | Spider:3 | Received a gift from Okawaru
 36763 | Spider:2 | Reached skill level 15 in Crossbows
 37347 | Spider:3 | Received a gift from Okawaru
 37469 | Spider:3 | Received a gift from Okawaru
 37807 | Spider:4 | Entered Level 4 of the Spider Nest
 37985 | Spider:3 | Received a gift from Okawaru
 38045 | Spider:4 | Reached XP level 17. HP: 148/148 MP: 11/23
 38858 | Spider:4 | Received a gift from Okawaru
 39598 | Spider:4 | Got a gossamer rune of Zot
 40107 | D:13     | Reached skill level 16 in Crossbows
 40228 | D:13     | Learned a level 1 spell: Apportation
 40230 | D:13     | Learned a level 1 spell: Summon Butterflies
 40291 | D:14     | Received a gift from Okawaru
 40931 | D:14     | You are sucked into a shaft!
 40931 | D:15     | Entered Level 15 of the Dungeon
 40965 | D:15     | Found a staircase to the Depths.
 41063 | D:15     | Slain by a red ugly thing

Action                   |  1- 3 |  4- 6 |  7- 9 | 10-12 | 13-15 | 16-18 || total
-------------------------+-------+-------+-------+-------+-------+-------++-------
Melee: Short sword       |    29 |    63 |       |       |       |       ||    92
       Unarmed           |   199 |       |       |       |       |       ||   199
       Quarterstaff      |       |    50 |   411 |   502 |  1039 |       ||  2002
       Whip              |       |       |       |   169 |       |       ||   169
       Lajatang          |       |       |       |       |       |   297 ||   297
 Fire: Hand crossbow     |    21 |    30 |   118 |   549 |     6 |       ||   724
       Arbalest          |       |       |       |     3 |   772 |   636 ||  1411
       Triple crossbow   |       |       |       |       |   284 |   167 ||   451
Throw: Tomahawk          |     4 |       |    13 |       |       |       ||    17
       Stone             |       |     1 |       |       |       |       ||     1
 Cast: Repel Missiles    |       |       |       |     1 |     3 |       ||     4
       Swiftness         |       |       |       |       |     1 |     1 ||     2
Invok: Heroism           |       |       |       |    10 |    18 |    20 ||    48
       Finesse           |       |       |       |       |     3 |     6 ||     9
  Use: Potion            |       |     1 |       |     4 |     4 |     4 ||    13
       Scroll            |       |       |    15 |     9 |    14 |     6 ||    44
 Stab: Sleeping          |     1 |     2 |       |     3 |     5 |       ||    11
       Distracted        |       |     1 |     2 |       |     1 |     1 ||     5
       Paralysed         |       |       |     3 |     4 |       |       ||     7
       Petrifying        |       |       |     1 |       |       |       ||     1
       Confused          |       |       |     1 |       |       |       ||     1
  Eat: Chunk             |    14 |    12 |    45 |    89 |   173 |   108 ||   441
       Meat ration       |     1 |       |       |       |       |       ||     1
